 Dungeon Crawl Stone Soup version 0.20.0-4-g10b340a (webtiles) character file.

387 Freeplumber the Chiller (level 6, 0/44 HPs)
             Began as a Barachi Ice Elementalist on May 27, 2017.
             Slain by Pikel
             ... wielding a +0 whip of electrocution
              (3 damage)
             ... on level 4 of the Dungeon.
             The game lasted 00:27:50 (2106 turns).

Freeplumber the Chiller (Barachi Ice Elementalist)  Turns: 2106, Time: 00:27:51

Health: 0/44       AC:  9    Str: 13    XL:     6   Next: 78%
Magic:  26/26      EV: 10    Int: 17    God:
Gold:   174        SH:  0    Dex: 13    Spells: 6/12 levels left

rFire    + + .     SeeInvis .   y - staff of power
rCold    . . .     Gourm    .   (no shield)
rNeg     . . .     Faith    .   x - +1 scale mail {rF+}
rPois    .         Spirit   .   (no helmet)
rElec    .         Reflect  .   (no cloak)
rCorr    .         Harm     .   (no gloves)
MR       .....                  r - +1 pair of boots
Stlth    +.........             (no amulet)
Regen    0.6/turn               i - ring of protection from fire
MPRegen  0.2/turn               (no ring)

@: can't hop, slow
A: +LOS, swims, clever 1, regeneration 1, slowness 1, strong 1, strong legs 1
a: Hop


You were on level 4 of the Dungeon.
You were not hungry.

You visited 1 branch of the dungeon, and saw 4 of its levels.

You collected 174 gold pieces.

Inventory:

Hand Weapons
 f - a +0 whip
 l - a +0 short sword
 n - a +0 short sword
 o - a +0 dagger
 t - a +0 flail
 u - a +0 mace
Armour
 a - a +0 robe
 g - a +0 helmet
 k - a cursed +0 robe
 m - a +0 buckler
 p - a cursed +0 robe
 r - a +1 pair of boots (worn)
 x - a +1 scale mail of fire resistance (worn)
Magical Staves
 y - an uncursed staff of power (weapon)
Jewellery
 i - a ring of protection from fire (left hand)
 s - an uncursed amulet of the gourmand
Wands
 e - a wand of clouds (0/9)
Scrolls
 q - 2 scrolls of remove curse
Potions
 d - a potion of mutation
 h - a potion of cancellation {unknown}
 w - a potion of curing
Books
 b - a book of Frost

   Spells                             Type                      Level
   a - Freeze                         Ice                          1
   b - Throw Frost                    Conjuration/Ice              2
   c - Ozocubu's Armour               Charms/Ice                   3
   d - Throw Icicle                   Conjuration/Ice              4
   e - Summon Ice Beast               Ice/Summoning                4
 z - a book of Minor Magic

   Spells                             Type                      Level
   a - Magic Dart                     Conjuration                  1
   b - Blink                          Translocation                2
   c - Call Imp                       Summoning                    2
   d - Slow                           Hexes                        2
   e - Conjure Flame                  Conjuration/Fire             3
   f - Mephitic Cloud                 Conjuration/Poison/Air       3
Comestibles
 c - 2 bread rations
 j - 2 royal jellies
 v - a fruit


   Skills:
 + Level 2.2 Fighting
 + Level 2.1 Maces & Flails
 + Level 1.2 Armour
 + Level 3.4 Dodging
 + Level 2.6 Stealth
 + Level 3.8 Spellcasting
 + Level 1.4 Conjurations
 + Level 0.2 Charms
 + Level 5.4 Ice Magic


You had 6 spell levels left.
You knew the following spells:

 Your Spells              Type           Power        Failure   Level  Hunger
a - Freeze                Ice            ###.         9%          1    None
b - Throw Frost           Conj/Ice       ###...       28%         2    ##.....
c - Ozocubu's Armour      Chrm/Ice       ##......     58%         3    ###....


Dungeon Overview and Level Annotations

Branches:
Dungeon (4/15)
 Temple: D:4-7

Altars:
Elyvilon
Qazlal
Zin
The Shining One

Annotations:
D:3 Robin
D:4 Pikel


Innate Abilities, Weirdness & Mutations

Shadows flee at your approach. (+LOS)
You can swim through water.
You cover ground slowly.
You can hop short distances.
Your mind is acute. (Int +2)
Your natural rate of healing is unusually fast.
Your muscles are strong. (Str +2)


Message History

* * * LOW HITPOINT WARNING * * *
Hop to where?
Press: ? - help, Dir - move target cursor, p - Pikel Boing!
Pikel says, "You'll feel the lick of my whip!"
Your magical contamination has completely faded away.
Evoke which item? (* to show all) (? for menu, Esc to quit)
Aiming: Cloud Cone
Press: ? - help, Dir - move target cursor, f - slave
Aim: a slave, wearing an animal skin You create a blast of freezing vapour!
This wand has 0 charges left.
The slave is engulfed in freezing vapours.
Pikel is engulfed in freezing vapours.
The slave is engulfed in freezing vapours.
You kill the slave!
That felt strangely unrewarding.
Pikel is engulfed in freezing vapours.
You hit Pikel but do no damage.
Pikel is heavily wounded.
Pikel hits you with a whip of electrocution.
You die...

....#.......# ##p###########.#
#. ....#.......# #p#
.........### ....#.......# #g#
####.......# ....#.......# #§#
#.#####.# ....#.......# #§# ###
#.# ....#.......# #§# .. #.#
....#.......# #§# .# #.#
....#..†....# #K# .# #.#
.#'##.......####@####.# #.#
.#...................#########.#
.###############.###...........#
...............#.# #..##########
########.#####.#.......# .# #.#
#.#####.#... .# ### #.# ..#.###
.#############.# ####.#
...............# .#


You could see Pikel, 2 slaves and a gnoll.

Vanquished Creatures
  A slave (D:4)
  A scorpion (D:4)
  An orc priest (D:3)
  2 orc wizards
  An iguana (D:4)
  Jessica (D:2)
  Ijyb (D:3)
  3 worker ants
  2 adders
  2 adder skeletons (D:4)
  4 worms
  A dart slug (D:4)
  2 leopard geckos (D:4)
  8 orcs
  A ball python (D:2)
  5 bats
  A giant cockroach (D:2)
  4 goblins (D:3)
  7 hobgoblins
  9 jackals (D:2)
  5 kobolds
  A ball python skeleton (D:4)
  A frilled lizard (D:1)
  A leopard gecko zombie (D:3)
  3 rats
68 creatures vanquished.

Notes
Turn   | Place    | Note
-------+----------+-------------------------------------------
     0 | D:1      | Freeplumber the Barachi Ice Elementalist began the quest for the Orb.
     0 | D:1      | Reached XP level 1. HP: 13/13 MP: 3/3
   216 | D:1      | Gained mutation: Your muscles are strong. (Str +2) [potion of mutation]
   216 | D:1      | Gained mutation: Your mind is acute. (Int +2) [potion of mutation]
   216 | D:1      | Gained mutation: Your natural rate of healing is unusually fast. [potion of mutation]
   385 | D:1      | Reached XP level 2. HP: 18/19 MP: 5/5
   389 | D:1      | Learned a level 2 spell: Throw Frost
   448 | D:2      | Reached skill level 4 in Ice Magic
   510 | D:2      | Noticed Jessica
   519 | D:2      | Killed Jessica
   519 | D:2      | Reached XP level 3. HP: 25/25 MP: 0/6
   564 | D:2      | Found a white marble altar of Elyvilon.
   564 | D:2      | Found a glowing silver altar of Zin.
   564 | D:2      | Found a glowing golden altar of the Shining One.
   715 | D:2      | Found a stormy altar of Qazlal.
   797 | D:2      | Reached XP level 4. HP: 15/31 MP: 0/7
  1102 | D:3      | HP: 1/31 [orc wizard/magic dart (5)]
  1104 | D:3      | Reached skill level 1 in Fighting
  1108 | D:3      | Reached skill level 1 in Maces & Flails
  1108 | D:3      | Reached XP level 5. HP: 13/37 MP: 1/9
  1192 | D:3      | Learned a level 3 spell: Ozocubu's Armour
  1338 | D:3      | Noticed Robin
  1564 | D:3      | Noticed Ijyb
  1579 | D:3      | Killed Ijyb
  1698 | D:4      | Reached skill level 5 in Ice Magic
  1701 | D:4      | Reached XP level 6. HP: 41/44 MP: 11/11
  2046 | D:4      | Reached skill level 1 in Armour
  2068 | D:4      | Noticed Pikel
  2068 | D:4      | Noticed a slave
  2069 | D:4      | Noticed a slave
  2069 | D:4      | Noticed a slave
  2069 | D:4      | Noticed a slave
  2102 | D:4      | HP: 1/44 [Pikel/whip of electrocution (6)]
  2105 | D:4      | Killed a slave
  2106 | D:4      | Slain by Pikel

Skill      XL: |  1  2  3  4  5  6 |
---------------+-------------------+-----
Stealth        | 2 |  2.6
Ice Magic      | 4 5 |  5.4
Fighting       | 1 2 |  2.2
Maces & Flails | 1 2 |  2.1
Spellcasting   | 3 |  3.8
Dodging        | 3 |  3.4
Armour         | 1 |  1.2
Conjurations   | |  1.4
Charms         | |  0.2

Action                   |  1- 3 |  4- 6 || total
-------------------------+-------+-------++-------
Melee: Club              |    76 |    51 ||   127
       Unarmed           |     4 |       ||     4
       Mace              |       |    55 ||    55
       Staff             |       |    48 ||    48
 Cast: Freeze            |    24 |    43 ||    67
       Throw Frost       |     5 |    10 ||    15
       Ozocubu's Armour  |       |     3 ||     3
 Abil: Hop               |       |     1 ||     1
Evoke: Wand              |       |     2 ||     2
  Use: Potion            |     2 |     2 ||     4
       Scroll            |     3 |     6 ||     9
 Stab: Sleeping          |     1 |     3 ||     4
  Eat: Royal jelly       |       |     1 ||     1
       Bread ration      |       |     1 ||     1
       Fruit             |       |     1 ||     1
       Chunk             |       |     1 ||     1
Armor: Robe              |    24 |    40 ||    64
       Scale mail        |       |    65 ||    65
Dodge: Dodged            |    94 |   145 ||   239
